 Dungeon Crawl Stone Soup version 0.30-a0-782-ge64f9170bb (webtiles) character file.

Game seed: 16132079715235696238

50 Leeroy the Slasher (level 3, -1/27 HPs)
             Began as a Merfolk Gladiator on Feb 21, 2023.
             Was a Believer of Uskayaw.
             Killed from afar by Sigmund (7 damage)
             ... with a magic dart
             ... on level 2 of the Dungeon.
             The game lasted 00:02:02 (886 turns).

Leeroy the Slasher (Merfolk Gladiator)               Turns: 886, Time: 00:02:02

Health: -1/27      AC:  6    Str: 14    XL:     3   Next: 79%
Magic:  3/3        EV: 13    Int: 10    God:    Uskayaw [**....]
Gold:   53         SH:  0    Dex: 17    Spells: 2/2 levels left

rFire   . . .      SeeInvis .    a - +0 long sword
rCold   . . .      Faith    .    (no shield)
rNeg    . . .      Spirit   .    b - +0 leather armour
rPois   .          Reflect  .    r - +1 helmet {Int+3}
rElec   .          Harm     .    (no cloak)
rCorr   .          Rampage  .    (no gloves)
Will    .....                    q - +0 pair of boots
Stlth   +                        (no amulet)
HPRegen 0.24/turn                (no ring)
MPRegen 0.08/turn                (no ring)

@: no status effects
A: (nimble swimmer 2), mertail
a: Renounce Religion, Stomp, Line Pass


You were on level 2 of the Dungeon.
You worshipped Uskayaw.
Uskayaw was noncommittal.
You visited 1 branch of the dungeon, and saw 2 of its levels.

You collected 103 gold pieces.
You spent 50 gold pieces at shops.

Inventory:

Hand Weapons
 a - a +0 long sword (weapon)
Missiles
 d - 3 throwing nets (quivered)
 e - a javelin
 m - 11 poisoned darts
Armour
 b - a +0 leather armour (worn)
 c - a +0 helmet
 q - a +0 pair of boots (worn)
 r - a +1 helmet of intelligence (worn)
Scrolls
 g - a scroll of teleportation {unknown}
 k - a scroll of silence {unknown}
 p - 2 scrolls of magic mapping {unknown}
Potions
 f - a potion of heal wounds {unknown}
 h - a potion of curing
 i - a potion of resistance {unknown}
 j - a potion of haste {unknown}
 l - a potion of berserk rage
 n - a potion of attraction {unknown}
 o - 2 potions of might {unknown}
 s - a potion of degeneration {unknown}


   Skills:
 - Level 2.1 Fighting
 + Level 5.6 Long Blades
 - Level 2.0 Throwing
 - Level 4.0 Dodging


You had 2 spell levels left.
You didn't know any spells.
Your spell library contained the following spells:

 Spells                   Type           Power      Damage    Failure   Level
 Cigotuvi's Dreadful Rot  Necr/Pois/Air  0%         N/A       58%         2
 Poisonous Vapours        Pois/Air       0%         N/A       58%         2
 Mephitic Cloud           Conj/Pois/Air  0%         N/A       82%         3
 Manifold Assault         Tloc           0%         N/A       99%         4
 Dispersal                Tloc           0%         N/A       100%        6
 Disjunction              Tloc           0%         N/A       100%        8


Dungeon Overview and Level Annotations

Branches:
Dungeon (2/15)

Altars:
Uskayaw

Shops:
D:1 !   D:2 *

Annotations:
D:2 Sigmund


Innate Abilities, Weirdness & Mutations

((You are very nimble when in or above water. (Stealth+, EV+, Speed+++)))
Your lower body shifts to a powerful aquatic tail in water.


Message History

You barely miss Sigmund.
Sigmund is heavily wounded.
Sigmund hits you but does no damage.
You closely miss Sigmund.
Sigmund is heavily wounded.
Sigmund hits you with a +0 scythe.
You hit Sigmund but do no damage.
Sigmund is heavily wounded.
Sigmund misses you.
You hit Sigmund.
Sigmund is heavily wounded.
You hit Sigmund.
Sigmund is severely wounded.
Sigmund gestures at you while chanting. The magic dart hits you!
Sigmund misses you.
You are too injured to fight recklessly!
You are too injured to fight recklessly!
You are too injured to fight recklessly!
You are too injured to fight recklessly!
You hit Sigmund.
Sigmund is severely wounded.
You hit Sigmund but do no damage.
Sigmund is severely wounded.
Sigmund points at you and mumbles some strange words.
The puff of flame misses you.
You hit Sigmund.
Sigmund is almost dead.
Sigmund casts a spell at you.
The puff of flame hits you but does no damage.
You can now pass through a line of other dancers.
You hit Sigmund but do no damage.
Sigmund is almost dead.
Sigmund gestures at you while chanting. The magic dart hits you.
* * * LOW HITPOINT WARNING * * *
You closely miss Sigmund.
Sigmund is almost dead.
Sigmund casts a spell at you. The magic dart hits you!
You die...

##### ########### #...#
#.........# #...#
#.........###...##
#.........##.....#
#............###.##
####.......### #@.# ##.
.....###..## ##@.## ## #..
.....# ##.########...# #< ..#
.....###...##...####..##.##..
._...##.........>## #.......
.....#............####.....#
.....#...................∩.#
.....#............###.# #..#
......................# #..#


You could see Sigmund.

Vanquished Creatures
  Natasha (D:2)
  A worm (D:2)
  3 endoplasms
  A giant cockroach (D:1)
  A goblin (D:1)
  2 hobgoblins (D:2)
  6 ball pythons
  2 bats (D:1)
  2 frilled lizards (D:1)
  3 kobolds (D:1)
  2 rats (D:2)
24 creatures vanquished.

Notes
Turn   | Place    | Note
-------+----------+-------------------------------------------
     0 | D:1      | Leeroy the Merfolk Gladiator began the quest for the Orb.
     0 | D:1      | Reached XP level 1. HP: 16/16 MP: 1/1
    78 | D:1      | Reached skill level 4 in Long Blades
   280 | D:1      | Reached XP level 2. HP: 22/22 MP: 2/2
   328 | D:1      | Found Niakhlar's Distillery.
   374 | D:1      | Bought a potion of berserk rage for 50 gold pieces
   702 | D:2      | Found Wokeosy's General Store.
   703 | D:2      | Noticed Natasha
   709 | D:2      | Noticed a crimson imp
   713 | D:2      | Killed Natasha
   714 | D:2      | Reached skill level 5 in Long Blades
   714 | D:2      | Reached XP level 3. HP: 9/27 MP: 3/3
   738 | D:2      | Noticed Sigmund
   832 | D:2      | Found a hide-covered altar of Uskayaw.
   847 | D:2      | Became a worshipper of Uskayaw the Reveller
   873 | D:2      | Reached * piety under Uskayaw
   884 | D:2      | Reached ** piety under Uskayaw
   886 | D:2      | Killed from afar by Sigmund

Illustrated notes

Levels and vault maps discovered:
D:1:      minmay_arrival_arboretum_large, layout_rooms, serial_shops,
          nicolae_diamond_shop
D:2:      layout_rooms, serial_shops, shop, basic_altar, bh_walls_and_bars,
          uniq_sigmund, uniq_natasha

Skill      XL: |  1  2 |
---------------+-------+-----
Long Blades    | 4 5 |  5.6
Fighting       | |  2.1
Throwing       | |  2.0
Dodging        | |  4.0

Action                     || total
---------------------------++-------
  Melee: Long sword        ||    75
   Stab: Sleeping          ||     1
 Armour: Leather armour    ||    17
  Dodge: Dodged            ||    39

Table legend: (Time is in decaauts)
 A = Elapsed time spent in this place.
 B = Non-inter-level travel time spent in this place.
 C = Inter-level travel time spent in this place.
 D = Time resting spent in this place.
 E = Time spent auto-exploring this place.
 F = Levels seen in this place.
 G = Mean time per level.
                   A        B        C        D        E       F      G
               +--------+--------+--------+--------+--------+-----+--------+
         Total |    912 |    885 |     27 |     71 |    568 |   2 |  456.0 |
       Dungeon |    912 |    885 |     27 |     71 |    568 |   2 |  456.0 |
               +--------+--------+--------+--------+--------+-----+--------+

Top non-repeatable levels by time:
     D:1: 589 daAuts
     D:2: 323 daAuts
